 Dungeon Crawl Stone Soup version 0.31.0-7-gf635a9b802 (webtiles) character file.

Game seed: 8900438209045851643

2507 Esekla the Chopper (level 9, -7/78 HPs)
             Began as a Naga Warper on Jan 23, 2024.
             Was an Elder of Qazlal.
             Killed from afar by an electric eel (8 damage)
             ... with a bolt of electricity
             ... on level 8 of the Dungeon.
             The game lasted 00:36:21 (7206 turns).

Esekla the Chopper (Naga Warper)                    Turns: 7206, Time: 00:36:22

Health: -7/78      AC: 10    Str: 12    XL:     9   Next: 53%
Magic:  15/15      EV: 10    Int: 18    God:    Qazlal [****..]
Gold:   390        SH:  5    Dex: 10    Spells: 4/16 levels left

rFire   . . .        a - +0 war axe
rCold   . . .        (no shield)
rNeg    + . .        B - +1 robe {rN+}
rPois   +            t - +0 helmet
rElec   .            L - +0 cloak
rCorr   .            g - +0 pair of gloves
SInv    +            (no barding)
Will    +....        (no amulet)
Stlth   +            (no ring)
HPRegen 0.33/turn    (no ring)
MPRegen 0.14/turn

%: repel missiles
@: short of breath, very slow
A: AC +3, large, see invisible, deformed body, poison resistance, slowness 2,
spit poison 1, naga tail 1, iridescent scales 1, passive freeze, weak 1
a: Spit Poison, Renounce Religion, Upheaval, Elemental Force


You were on level 8 of the Dungeon.
You worshipped Qazlal.
Qazlal was greatly pleased with you.
You visited 1 branch of the dungeon, and saw 8 of its levels.
You also visited: Sewer.

You collected 390 gold pieces.

Inventory:

Hand Weapons
 a - a +0 war axe (weapon)
 c - a +0 long sword
 r - a +3 trident of freezing
 s - a +0 dagger
 C - a +3 sling of flaming
Missiles
 i - 7 poisoned darts (quivered)
 F - 2 curare-tipped darts
 G - 2 javelins
 K - 5 boomerangs
Armour
 g - a +0 pair of gloves (worn)
 t - a +0 helmet (worn)
 B - a +1 robe of positive energy (worn)
 L - a +0 cloak (worn)
Jewellery
 n - a ring of ice
 H - a ring of fire
Wands
 I - a wand of roots (9)
Scrolls
 e - 3 scrolls of enchant armour {unknown}
 h - a scroll of fear {unknown}
 k - 2 scrolls of brand weapon {unknown}
 l - a scroll of enchant weapon {unknown}
 m - 4 scrolls of vulnerability {unknown}
 o - a scroll of teleportation {unknown}
 v - a scroll of revelation {unknown}
 w - 2 scrolls of noise {unknown}
 y - 3 scrolls of blinking
 z - a scroll of poison {unknown}
 A - a scroll of acquirement {unknown}
 J - a scroll of silence {unknown}
Potions
 b - a potion of heal wounds
 d - 2 potions of brilliance
 f - 6 potions of curing
 j - 2 potions of haste
 p - a potion of mutation
 q - 2 potions of enlightenment
 u - 6 potions of attraction
 x - 5 potions of invisibility
 D - a potion of resistance
 E - a potion of lignification


   Skills:
 * Level 4.0 Fighting
 + Level 3.6 Long Blades
 * Level 5.6 Axes
 + Level 2.0 Throwing
 + Level 2.4 Armour
 + Level 3.7 Dodging
 + Level 1.9 Shields
 * Level 4.3 Spellcasting
 * Level 5.1 Translocations
 * Level 3.2 Ice Magic
 * Level 3.5 Air Magic


You had 4 spell levels left.
You knew the following spells:

 Your Spells              Type           Power      Damage    Failure   Level
a - Ozocubu's Armour      Ice            15%        N/A       11%         3
b - Blink                 Tloc           44%        N/A       2%          2
h - Vhi's Electric Charg  Tloc/Air       38%        N/A       24%         4
t - Teleport Other        Tloc           22%        N/A       4%          3

Your spell library contained the following spells:

 Spells                   Type           Power      Damage    Failure   Level
 Lesser Beckoning         Tloc           44%        N/A       2%          2
 Gell's Gravitas          Tloc           22%        N/A       4%          3
 Momentum Strike          Conj/Tloc      26%        3d8       8%          2
 Foxfire                  Conj/Fire      12%        2x1d4     14%         1
 Magic Dart               Conj           12%        1d3       14%         1
 Sting                    Conj/Alch      12%        1d3       14%         1
 Manifold Assault         Tloc           22%        N/A       17%         4
 Call Imp                 Summ           6%         N/A       22%         2
 Call Canine Familiar     Summ           3%         N/A       38%         3
 Sigil of Binding         Hex            3%         N/A       38%         3
 Dimensional Bullseye     Hex/Tloc       6%         N/A       43%         4
 Metabolic Englaciation   Hex/Ice        4%         N/A       90%         5
 Dispersal                Tloc           11%        N/A       95%         6
 Plasma Beam              Fire/Air       5%         2x1d15    100%        6
 Sculpt Simulacrum        Ice/Alch       4%         N/A       100%        6
 Starburst                Conj/Fire      1%         6d3       100%        6


Dungeon Overview and Level Annotations

Branches:
Dungeon (8/15)             Temple (0/1) D:7           Sewer (visited)
   Lair: D:8-11

Altars:
Nemelex Xobeh
Qazlal


Innate Abilities, Weirdness & Mutations

Your serpentine skin is tough. (AC +3)
You have supernaturally acute eyesight. (SInv)
Armour fits poorly on your strangely shaped body.
Your system is resistant to poisons. (rPois)
You cover ground very slowly.
You can spit poison.
You have a snake-like lower body.
You are partially covered in iridescent scales. (AC +2)
A frigid envelope surrounds you and freezes all who hurt you.
You are weak. (Str -2)


Message History

The electric eel is moderately wounded.
The electric eel shoots out a bolt of lightning at you!
The bolt of electricity misses you.
You barely miss the electric eel.
The electric eel is moderately wounded.
The electric eel shoots out a bolt of lightning at you!
The bolt of electricity hits you!
You hit the electric eel.
The electric eel is heavily wounded.
You completely miss the electric eel.
The electric eel is heavily wounded.
The electric eel shoots out a bolt of lightning at you!
The bolt of electricity hits you!
You slash the electric eel!
The electric eel is almost dead.
The electric eel shoots out a bolt of lightning at you!
The bolt of electricity hits you.
You miss the electric eel.
The electric eel is almost dead.
The electric eel shoots out a bolt of lightning at you!
The bolt of electricity misses you.
You closely miss the electric eel.
The electric eel is almost dead.
The electric eel shoots out a bolt of lightning at you!
The bolt of electricity hits you!
* * * LOW HITPOINT WARNING * * *
Aiming: Spit Poison (1% risk of failure)
Press: ? - help, Shift-Dir - straight line, f - electric eel
Aim: an electric eel (thunder, water, almost dead, 43% to hit)
The splash of poison misses the electric eel.
An electric eel comes into view.
The electric eel shoots out a bolt of lightning at you!
The bolt of electricity hits you.
* * * LOW HITPOINT WARNING * * *
The electric eel shoots out a bolt of lightning at you!
The bolt of electricity hits you!
* * * LOW HITPOINT WARNING * * *
The electric eel shoots out a bolt of lightning at you!
The bolt of electricity hits you!
You die...

#.##.###.######### #.#.#.#.##.#
#.##.# #.# #.#..<#....#
#.##.###.# ######.#.#.#######
#.##.....######...##.#.#.)......
#.............................†.
#.#########.......##.#.#########
#.# #.###.####.#+# #.# #...☼.#
#.... #.# ####.@##≈≈≈≈≈S≈ #.#
#...≈≈≈≈≈S≈≈≈ #.# #.#S≈≈######≈≈
#. #.≈°≈##.o.. #8≈ #.≈≈## ....
#.≈ ..≈≈# #.≈≈# #.≈≈# .. ≈#


You could see 2 electric eels.

Vanquished Creatures
  Grinder (D:3)
  A water moccasin (D:5)
  3 ice beasts
  2 centaurs
  3 ogres
  A phantom (D:4)
  3 bullfrogs
  A gnoll sergeant (D:6)
  3 scorpions
  4 killer bees (D:8)
  A howler monkey (D:4)
  4 bombardier beetles
  A jelly (D:6)
  3 hounds
  2 orc priests (D:7)
  Jessica (D:2)
  2 iguanas (D:5)
  2 orc wizards
  6 gnolls
  16 adders
  A shadow imp (D:6)
  2 white imps (D:6)
  2 ribbon worms
  10 dart slugs
  14 orcs
  10 endoplasms
  18 giant cockroaches
  8 goblins
  5 hobgoblins
  4 jackals (D:2)
  4 quokkas
  12 ball pythons
  7 bats
  14 frilled lizards
  3 kobolds
  8 rats
182 creatures vanquished.

Notes
Turn   | Place    | Note
-------+----------+-------------------------------------------
     0 | D:1      | Esekla the Naga Warper began the quest for the Orb.
     0 | D:1      | Reached XP level 1. HP: 19/19 MP: 3/3
    42 | D:1      | Found a faded altar of an unknown god.
    53 | D:1      | Got Plato's Handbook of Transmutation
    54 | D:1      | Prayed at the altar of an unknown god.
    54 | D:1      | Became a worshipper of Qazlal Stormbringer
    54 | D:1      | Reached * piety under Qazlal
   262 | D:1      | Reached XP level 2. HP: 26/26 MP: 5/5
   266 | D:1      | Learned a level 2 spell: Blink
   604 | D:1      | Reached skill level 1 in Armour
   933 | D:2      | Reached XP level 3. HP: 32/32 MP: 6/6
  1150 | D:2      | Reached ** piety under Qazlal
  1226 | D:2      | Noticed Jessica
  1232 | D:2      | Gained mutation: You are weak. (Str -2) [potion of
                  | mutation]
  1232 | D:2      | Gained mutation: A frigid envelope surrounds you and
                  | freezes all who hurt you. [potion of mutation]
  1232 | D:2      | Gained mutation: You are partially covered in iridescent
                  | scales. (AC +2) [potion of mutation]
  1235 | D:2      | Killed Jessica
  1236 | D:2      | Reached XP level 4. HP: 8/39 MP: 4/7
  1906 | D:3      | Reached skill level 1 in Axes
  1906 | D:3      | Noticed Grinder
  1916 | D:3      | Paralysed by Grinder for 2 turns
  1920 | D:3      | Paralysed by Grinder for 5 turns
  2072 | D:4      | Reached XP level 5. HP: 44/45 MP: 9/9
  2221 | D:4      | Learned a level 3 spell: Teleport Other
  2353 | D:3      | Killed Grinder
  2354 | D:3      | Reached skill level 1 in Throwing
  2354 | D:3      | Reached skill level 1 in Air Magic
  2354 | D:3      | Reached XP level 6. HP: 55/55 MP: 7/10
  2536 | D:3      | Reached *** piety under Qazlal
  2818 | D:4      | Reached XP level 7. HP: 61/61 MP: 11/11
  3217 | D:4      | Learned a level 3 spell: Ozocubu's Armour
  3380 | D:5      | Entered Level 5 of the Dungeon
  3439 | D:5      | Found a glowing drain.
  3484 | D:5      | Reached skill level 1 in Ice Magic
  3642 | D:5      | Reached XP level 8. HP: 67/68 MP: 12/12
  3651 | Sewer    | Entered a sewer
  3748 | Sewer    | Reached **** piety under Qazlal
  3998 | D:5      | Reached skill level 1 in Shields
  4476 | D:5      | Learned a level 4 spell: Vhi's Electric Charge
  4604 | D:6      | Found a sparkling altar of Nemelex Xobeh.
  4868 | D:6      | Reached XP level 9. HP: 52/76 MP: 14/14
  4976 | D:6      | Reached skill level 5 in Axes
  5833 | D:7      | Found a staircase to the Ecumenical Temple.
  6217 | D:7      | Reached skill level 5 in Translocations
  7206 | D:8      | HP: 1/78 [electric eel/bolt of electricity (10)]
  7206 | D:8      | Killed from afar by an electric eel

Illustrated notes

Levels and vault maps discovered:
D:1:      onia_arrival_pentagram, layout_loops_corners,
          shapermc_ecumenical_altar_rom_forum
D:2:      layout_loops_ring, chequers_serial_rivers_micro_e, chequers_arboretum,
          minmay_mini_jars, uniq_jessica
D:3:      layout_rooms, uniq_grinder
D:4:      layout_loops_ring
D:5:      layout_loops_cross, gup_sewer_entry_glass
D:6:      layout_loops_corners, kennysheep_little_box
D:7:      layout_basic, temple_pool_b, hangedman_decor_diamond_cutter,
          kennysheep_nondescript, minivault_19, palyth_stone_intersect,
          kennysheep_cluttered_room
D:8:      layout_basic, david_lair_shrubbed, kennysheep_island_fort

Skill      XL: |  1  2  3  4  5  6  7  8  9 |
---------------+----------------------------+-----
Armour         | 1 2 |  2.4
Axes           | 1 2 3 4 5 |  5.6
Long Blades    | 3 |  3.6
Throwing       | 1 2 |  2.0
Dodging        | 2 3 |  3.7
Spellcasting   | 3 4 |  4.3
Air Magic      | 1 2 3 |  3.5
Translocations | 4 5 |  5.1
Ice Magic      | 1 2 3 |  3.2
Fighting       | 3 4 |  4.0
Shields        | 1 |  1.9

Action                     |  1- 3 |  4- 6 |  7- 9 || total
---------------------------+-------+-------+-------++-------
  Melee: Falchion          |    62 |    12 |       ||    74
         Punch             |     1 |       |     1 ||     2
         Long sword        |       |    44 |       ||    44
         Hand axe          |       |     2 |   181 ||   183
         War axe           |       |       |    41 ||    41
  Throw: Dart              |       |     3 |    24 ||    27
   Cast: Blink             |     1 |       |     6 ||     7
         Teleport Other    |       |     2 |       ||     2
         Ozocubu's Armour  |       |       |     1 ||     1
Ability: Spit Poison       |    26 |    19 |    33 ||    78
    Use: Potion            |     1 |       |       ||     1
         Scroll            |       |     4 |     6 ||    10
 Armour: Leather armour    |    57 |       |       ||    57
         Robe              |       |    56 |   185 ||   241
  Dodge: Dodged            |    37 |    33 |   126 ||   196
         Repelled          |       |       |     3 ||     3
  Block: Other             |     6 |     7 |    48 ||    61
